 Dungeon Crawl Stone Soup version 0.30.0-5-g1a98f26d00 (webtiles) character file.

Game seed: 11537468001939909843

99 Sobieck the Sneak (level 4, -2/23 HPs)
             Began as a Spriggan Berserker on May 11, 2023.
             Was a Believer of Trog.
             Killed from afar by Robin (12 damage)
             ... with a puff of flame
             ... on level 2 of the Dungeon.
             The game lasted 00:04:31 (1381 turns).

Sobieck the Sneak (Spriggan Berserker)              Turns: 1381, Time: 00:04:32

Health: -2/23      AC:  2    Str: 13    XL:     4   Next: 45%
Magic:  14/14      EV: 20    Int:  8    God:    Trog [**....]
Gold:   131        SH:  0    Dex: 22    Spells: 3/3 levels left

rFire   . . .        a - +2 dagger (elec) {short}
rCold   . . .        (no shield)
rNeg    . . .        b - +0 animal skin
rPois   .            (helmet restricted)
rElec   .            (no cloak)
rCorr   .            (gloves unavailable)
SInv    +            (boots unavailable)
Will    .....        (no amulet)
Stlth   +++          i - +6 ring of dexterity
HPRegen 0.23/turn    q - ring of magical power
MPRegen 0.14/turn

%: no passive effects
@: very quick
A: very small, no large weapons, unfitting armour, see invisible, speed 3
a: Renounce Religion, Berserk, Trog's Hand


You were on level 2 of the Dungeon.
You worshipped Trog.
Trog was pleased with you.
You visited 1 branch of the dungeon, and saw 2 of its levels.

You collected 131 gold pieces.


Innate Abilities, Weirdness & Mutations

You are very small and have problems with some larger weapons.
You are too small for most types of armour.
You have supernaturally acute eyesight. (SInv)
You cover ground extremely quickly. (Speed+++)


   Skills:
 - Level 2.4 Fighting
 + Level 3.9 Short Blades
 + Level 4.8 Dodging
 - Level 5.0 Stealth


You had 3 spell levels left.
You didn't know any spells.
Your spell library contained the following spells:

 Spells                   Type           Power      Damage    Failure   Level
 Kiss of Death            Conj/Necr      0%         2d5       41%         1
 Confusing Touch          Hex            0%         N/A       78%         3
 Ozocubu's Armour         Ice            0%         N/A       78%         3
 Anguish                  Hex/Necr       0%         N/A       99%         4
 Cause Fear               Hex            0%         N/A       99%         4
 Dispel Undead            Necr           0%         3d6       99%         4
 Enfeeble                 Hex            0%         N/A       100%        7
 Ozocubu's Refrigeration  Ice            0%         4d7       100%        7

Inventory:

Hand Weapons
 a - a +2 dagger of electrocution (weapon) {short}
   (You took it off a goblin on level 2 of the Dungeon)
 d - a +0 dagger {short}
   (You took it off a kobold on level 1 of the Dungeon)
 p - a +0 short sword {short}
Missiles
 c - 18 stones (quivered) {throwing}
 e - 9 poisoned darts {throwing}
 j - a throwing net {=f!fthrowing}
Armour
 b - a +0 animal skin (worn)
 o - a +0 robe
   (You found it on level 2 of the Dungeon)
Magical Staves
 g - a staff of death {forbidden!astaff}
   (You found it on level 1 of the Dungeon)
 r - a staff of air {forbidden!astaff}
   (You found it on level 2 of the Dungeon)
Jewellery
 i - a +6 ring of dexterity (left hand)
   (You found it on level 1 of the Dungeon)
 q - a ring of magical power (right hand)
   (You found it on level 2 of the Dungeon)
Scrolls
 m - a scroll of torment {unknown}
 n - 5 scrolls of identify {unknown}
Potions
 f - a potion of curing {unknown}
 h - 2 potions of invisibility
 k - a potion of magic {unknown}
 l - 3 potions of flight {unknown}

Dungeon Overview and Level Annotations

Branches:
Dungeon (2/15) Zot: 10989

Altars:

Annotations:
D:2 Robin

#####.#†..≈# #....#
....#.#...≈# ###....#
###.#.#...≈# #...#..#
#.#.#≈≈≈≈#### #.....##
g.
#.#.#####+..#####...###
gg
#.#............#....#
#.
#.#########..#.#....#
#. #.# ##.....#### #g
#.# ###@### #g #.#
####g########## #. #.#
#..)....g...).# #g #.#
#.###########.# #g #.#
#.# #.# #)
#.#########.# #)######)
#...........# #...ggg.g
############# #########


You could see Robin.


Message History

Unknown command.
Danger!
The goblin hits you but does no damage.
You barely miss the goblin. The goblin barely misses you.
You hit the goblin. Lightning courses through the goblin!
You kill the goblin!
Trog accepts your kill. The goblin misses you.
Things that are here:
a +0 club {mace}; a goblin corpse You barely miss the goblin.
The goblin hits you but does no damage.
You closely miss the goblin. The goblin misses you.
You barely miss the goblin. You closely miss the goblin.
The goblin hits you with a +0 dagger.
You barely miss the goblin. The goblin misses you.
You hit the goblin.
You kill the goblin!
Trog accepts your kill.
You see here a +0 dagger {short}.
You see here a +0 dagger {short}.
Things that are here:
a +0 club {mace}; a goblin corpse Unknown command.
What are your orders? t - Shout!
Orders for allies: a - Attack new target. r - Retreat! s - Stop attacking. g - Guard the area. f - Follow me.
Anything else - Cancel.
You shout for attention!
The goblin shouts!
You hear a shout! x5
Unknown command.
You start resting.
Danger!
A goblin comes into view. It is wielding a +0 club.
Robin drinks a potion.
Robin flickers and vanishes for a moment.
The goblin hits you with a +3 dagger of speed.
Unknown command.
You closely miss the goblin.
Unknown command.
You hit the goblin. The goblin closely misses you.
The goblin hits you with a +3 dagger of speed.
You hit the goblin.
You kill the goblin!
Trog accepts your kill.
Unknown command.
Unknown command.
Unknown command.
You start resting.
A hobgoblin is nearby!
Danger!
Unknown command.
Unknown command.
The hobgoblin misses you.
Unknown command.
You hit the hobgoblin.
Lightning courses through the hobgoblin!
You kill the hobgoblin!
Trog accepts your kill.
You hit the goblin.
Unknown command.
You hit the goblin.
You kill the goblin!
Trog accepts your kill.
Unknown command.
You hit the hobgoblin but do no damage.
Lightning courses through the hobgoblin!
You kill the hobgoblin!
Trog accepts your kill. Robin closely misses you.
Unknown command.
Robin throws the goblin at you! The goblin misses you.
You hit the goblin.
Unknown command.
You hit the goblin. Lightning courses through the goblin!
You kill the goblin!
Trog accepts your kill.
Things that are here:
a +0 club {mace}; a goblin corpse Danger!
Things that are here:
a +0 flail {mace}; an orc skeleton
There is a stone staircase leading down here.
You start resting.
Robin is nearby!
Danger!
Robin barely misses you.
Unknown command.
You hit Robin. Lightning courses through Robin! You barely miss Robin.
Robin zaps a wand.
The puff of flame hits you.
You barely miss Robin. Robin hits you but does no damage.
You hit Robin but do no damage.
Robin zaps a wand.
The puff of flame hits you!
* * * LOW HITPOINT WARNING * * *
You hit Robin.
Robin zaps a wand.
The puff of flame hits you!
Ouch! That really hurt!
You die...

Skill      XL: |  1  2  3 |
---------------+----------+-----
Stealth        | 2 4 5 |  5.0
Fighting       | |  2.4
Short Blades   | |  3.9
Dodging        | |  4.8

Action                     |  1- 3 |  4- 6 || total
---------------------------+-------+-------++-------
  Melee: Short sword       |    93 |       ||    93
         Dagger            |     5 |    35 ||    40
 Invoke: Berserk           |     1 |       ||     1
   Stab: Distracted        |     1 |       ||     1
         Sleeping          |     7 |     1 ||     8
 Armour: Animal skin       |     3 |     4 ||     7
  Dodge: Dodged            |    56 |    16 ||    72

Levels and vault maps discovered:
D:1:      dpeg_arrival_connections, layout_rooms
D:2:      layout_basic, chequers_serial_rivers_room_a, uniq_robin, uniq_terence

Notes
Turn   | Place    | Note
-------+----------+-------------------------------------------
     0 | D:1      | Sobieck the Spriggan Berserker began the quest for the Orb.
     0 | D:1      | Reached XP level 1. HP: 11/11 MP: 2/2
    34 | D:1      | Reached skill level 1 in Stealth
   161 | D:1      | You add the spells Ozocubu's Armour and Ozocubu's
                  | Refrigeration to your library.
   228 | D:1      | Reached skill level 2 in Stealth
   319 | D:1      | Reached XP level 2. HP: 12/16 MP: 3/3
   409 | D:1      | Reached skill level 3 in Stealth
   470 | D:1      | You pick up a book of Hexes {forbidden} and begin
                  | reading...
   470 | D:1      | You add the spells Anguish, Cause Fear and Enfeeble to your
                  | library.
   588 | D:1      | Reached skill level 4 in Stealth
   655 | D:2      | Reached XP level 3. HP: 11/19 MP: 4/4
   728 | D:2      | Reached ** piety under Trog
   732 | D:2      | Reached skill level 5 in Stealth
   858 | D:2      | Noticed Terence
   874 | D:2      | Killed Terence
   875 | D:2      | Reached XP level 4. HP: 23/23 MP: 5/5
   970 | D:2      | You pick up a book of Touch {forbidden} and begin
                  | reading...
   970 | D:2      | You add the spells Kiss of Death, Confusing Touch and
                  | Dispel Undead to your library.
  1305 | D:2      | Noticed Robin
  1381 | D:2      | Killed from afar by Robin

Vanquished Creatures
  Terence (D:2)
  2 adders (D:2)
  A worm (D:2)
  2 dart slugs (D:1)
  An orc (D:2)
  3 endoplasms (D:1)
  9 goblins
  5 hobgoblins
  8 jackals
  A kobold (D:1)
  A quokka (D:1)
  3 ball pythons
  2 bats
  2 frilled lizards
  3 rats
44 creatures vanquished.

Table legend:
 A = Non-vault XP
 B = Vault XP
 C = Vault XP percentage of total XP
 D = Non-vault monster count
 E = Vault monster count
 F = Vault count percentage of total count
                 A         B        C        D         E       F
            +---------+---------+-------+---------+---------+-------
      Total |      93 |      49 |  34.5 |      36 |       8 |  18.2
            +---------+---------+-------+---------+---------+-------
        D:1 |      39 |       0 |   0.0 |      20 |       0 |   0.0
        D:2 |      54 |      49 |  47.6 |      16 |       8 |  33.3
            +---------+---------+-------+---------+---------+-------

Skill      XL: |  1  2  3 |
---------------+----------+-----
Stealth        | 2 4 5 |  5.0
Fighting       | |  2.4
Short Blades   | |  3.9
Dodging        | |  4.8

Action                     |  1- 3 |  4- 6 || total
---------------------------+-------+-------++-------
  Melee: Short sword       |    93 |       ||    93
         Dagger            |     5 |    35 ||    40
 Invoke: Berserk           |     1 |       ||     1
   Stab: Distracted        |     1 |       ||     1
         Sleeping          |     7 |     1 ||     8
 Armour: Animal skin       |     3 |     4 ||     7
  Dodge: Dodged            |    56 |    16 ||    72

Illustrated notes

Table legend:
 A = Kills in this place as a percentage of kills in the entire game.
 B = Kills by you in this place as a percentage of kills by you in the entire game.
 C = Kills by friends in this place as a percentage of kills by friends in the entire game.
 D = Other kills in this place as a percentage of other kills in the entire game.
 E = Experience gained in this place as a percentage of experience gained in the entire game.
 F = Experience gained in this place divided by the number of levels of this place that you have seen.
                   A       B       C       D       E      F
               +-------+-------+-------+-------+-------+----------------------
         Total | 100.0 | 100.0 |   N/A |   N/A | 100.0 |  71.0
       Dungeon | 100.0 | 100.0 |   N/A |   N/A | 100.0 |  71.0
               +-------+-------+-------+-------+-------+----------------------

Table legend: (Time is in decaauts)
 A = Elapsed time spent in this place.
 B = Non-inter-level travel time spent in this place.
 C = Inter-level travel time spent in this place.
 D = Time resting spent in this place.
 E = Time spent auto-exploring this place.
 F = Levels seen in this place.
 G = Mean time per level.
                   A        B        C        D        E       F      G
               +--------+--------+--------+--------+--------+-----+--------+
         Total |   1009 |    989 |     20 |    159 |    423 |   2 |  504.5 |
       Dungeon |   1009 |    989 |     20 |    159 |    423 |   2 |  504.5 |
               +--------+--------+--------+--------+--------+-----+--------+

Top non-repeatable levels by time:
     D:2: 542 daAuts
     D:1: 467 daAuts
